AoeStats
← VIT Liereyy

Arabian Desert

509107755Analyzed
1v1 RM · 7d ago on Sep 25, 2026· 34m 44s· 2 players
Game mode
Random Map
Map size
Tiny (2 player)
Population
200
Speed
Normal
Resources
Standard
Victory
Conquest
Starting age
Dark Age
Ending age
Imperial Age
RankedLock teamsTeams togetherTeam positionsShared explorationLock speedFull tech treeHidden civsTurbo modeCheats
Victory
Defeat
🇦🇹 Aztecs · Austria
2956
+11
🇨🇳 Goths · China
2846
-11
_LY_Yo
3:07 Loom
9:43 Feudal Age
9:48 Man-at-Arms
13:36 Double-Bit Axe
15:22 Fletching
17:31 Padded Archer Armor
18:00 Horse Collar
18:21 Scale Mail Armor
20:45 Town Watch
26:31 Castle Age
26:13 Forging
26:09 Scale Barding Armor
26:17 Forging
26:28 Bloodlines
26:57 Light Cavalry
30:09 Husbandry
34:53 Devotion
VIT Liereyy
6:40 Loom
8:48 Feudal Age
9:01 Man-at-Arms
10:14 Double-Bit Axe
14:31 Fletching
22:22 Castle Age
22:58 Bodkin Arrow
22:33 Elite Skirmisher
23:37 Bow Saw
28:15 Sanctity
29:22 Wheelbarrow
30:33 Town Watch
31:25 Redemption
31:14 Horse Collar
Connection lost

Rejoining the realm…

Still unreachable

The connection could not be restored.

Session expired

The server has moved on; the page needs a fresh start.